 Dungeon Crawl Stone Soup version 0.29-a0-529-gfa20dd96a1 (webtiles) character file.

Game seed: 5593895548789723169

26 thriggle the Slasher (level 3, -3/31 HPs)
             Began as a Meteoran Cinder Acolyte on June 1, 2022.
             Was a Believer of Lugonu.
             Slain by a fire elemental (10 damage)
             ... created by the fiery vengeance of Ignis
             ... on level 3 of the Dungeon.
             The game lasted 00:04:39 (688 turns).

thriggle the Slasher (Meteoran Cinder Acolyte)       Turns: 688, Time: 00:04:41

Health: -3/31      AC:  2    Str: 15    XL:     3   Next: 41%
Magic:  5/7        EV: 11    Int: 17    God:    Lugonu [**....]
Gold:   36         SH:  0    Dex: 10    Spells: 4/6 levels left

rFire   . . .      SeeInvis .   d - +1 long sword
rCold   . . .      Faith    .   (no shield)
rNeg    . . .      Spirit   .   b - +0 robe
rPois   .          Reflect  .   (no helmet)
rElec   .          Harm     .   (no cloak)
rCorr   .          Rampage  .   (no gloves)
Will    .....                   (no boots)
Stlth   +.........              (no amulet)
HPRegen 0.10/turn               (no ring)
MPRegen 0.10/turn               (no ring)

@: very slightly contaminated, glowing, fire susceptible
A: sense surroundings 1, otherworldly, glowing, explore regen
a: Renounce Religion, Depart the Abyss, Bend Space


You were on level 3 of the Dungeon.
You worshipped Lugonu.
Lugonu was pleased with you.
You visited 1 branch of the dungeon, and saw 3 of its levels.

You collected 36 gold pieces.

Inventory:

Hand Weapons
 a - a -1 falchion of flaming
 d - a +1 long sword (weapon)
Missiles
 f - 3 poisoned darts (quivered)
 i - 18 stones
Armour
 b - a +0 robe (worn)
Scrolls
 g - a scroll of silence {unknown}
Potions
 c - a potion of might {unknown}
 e - a potion of lignification {unknown}
 h - a potion of heal wounds {unknown}


   Skills:
 + Level 3.5 Fighting
 + Level 4.0 Long Blades
 + Level 1.0 Armour
 + Level 0.8 Dodging
 + Level 2.0 Spellcasting
 + Level 3.8 Fire Magic


You had 4 spell levels left.
You knew the following spells:

 Your Spells              Type           Power      Damage    Failure   Level
a - Scorch                Fire           28%        2d6       6%          2

Your spell library contained the following spells:

 Spells                   Type           Power      Damage    Failure   Level
 Stone Arrow              Conj/Erth      2%         3d7       50%         3
 Animate Armour           Summ/Erth      2%         N/A       88%         4
 Lehudib's Crystal Spear  Conj/Erth      0%         10d2      100%        8


Dungeon Overview and Level Annotations

Branches:
Dungeon (3/15)

Altars:
Lugonu


Innate Abilities, Weirdness & Mutations

You passively map a small area around you.
You are easily found by Zot.
You glow in the dark.
You regain HP and MP as you explore.


Message History

Lugonu accepts your kill.
Your Long Blades skill increases to level 4!
You open the door.
Found a cyan potion and a book of Armaments.
There is an open door here.
Found an inky potion.
Found a stone staircase leading down.
c - a cyan potion You pick up a book of Armaments and begin reading...
You add the spells Stone Arrow, Animate Armour and Lehudib's Crystal Spear to your library.
Found 18 stones.
h - an inky potion You see here 18 stones.
i - 18 stones "These will know how to inflict the punishment due to you!" 2 fire elementals come into view.
The fire elemental closely misses you.
Okay, then.
Okay, then.
The fire elemental hits you. The fire elemental burns you!
The fire elemental closely misses you.
There is a stone staircase leading down here.
The fire elemental hits you. The fire elemental burns you!
You climb downwards.
You hear the sound of rushing water.
There is an entrance to a sewer on this level.
Hurry and find it before the portal rusts away!
Found 12 gold pieces.
There is a stone staircase leading up here.
Found a scroll labelled GOSIRCH ZECO and 24 stones.
An adder comes into view.
The adder hisses angrily.
The fire elemental hits you. The fire elemental burns you!
* * * LOW HITPOINT WARNING * * *
You see here a scroll labelled GOSIRCH ZECO.
Casting: Scorch (safe; 6% risk of failure)
Confirm with . or Enter, or press ? or * to list all spells.
You miscast Scorch.
You are very lightly contaminated with residual magic.
Nothing appears to happen.
The fire elemental hits you. The fire elemental burns you!
You die...

## ** , #.. #.#
, ♣ #.# ,, .# *
#.# * ,.. , #.#
.#**
#####$###..#
*,*
#..(..E@S..# *
#.###°####.....
* #°# * ##. * ,
,,,#○# ,* , ,
,#.# ** , * #.#
* * #.# , *
#.#* * , ... ,


You could see a fire elemental and an adder.

Vanquished Creatures
  3 endoplasms
  A giant cockroach (D:1)
  2 hobgoblins
  5 jackals (D:1)
  3 kobolds (D:1)
  A quokka (D:1)
  2 ball pythons
  2 bats (D:1)
  2 frilled lizards
  2 rats
23 creatures vanquished.

Vanquished Creatures (others)
  A plant (D:2)
1 creature vanquished.

Grand Total: 24 creatures vanquished

Notes
Turn   | Place    | Note
-------+----------+-------------------------------------------
     0 | D:1      | thriggle the Meteoran Cinder Acolyte began the quest for
                  | the Orb.
     0 | D:1      | Reached XP level 1. HP: 19/19 MP: 3/3
   159 | D:1      | Reached XP level 2. HP: 22/26 MP: 3/5
   177 | D:1      | Learned a level 2 spell: Scorch
   241 | D:1      | Found a faded altar of an unknown god.
   253 | D:1      | Prayed at the altar of an unknown god.
   253 | D:1      | Fell from the grace of Ignis
   253 | D:1      | Became a worshipper of Lugonu the Unformed
   253 | D:1      | Reached * piety under Lugonu
   253 | D:1      | Reached ** piety under Lugonu
   379 | D:1      | Reached XP level 3. HP: 4/31 MP: 0/6
   491 | D:1      | Glimpsed the power of Zot.
   540 | D:1      | Glimpsed the power of Zot.
   624 | D:2      | Reached skill level 1 in Armour
   629 | D:2      | Reached skill level 4 in Long Blades
   675 | D:2      | Noticed a fire elemental
   675 | D:2      | Noticed a fire elemental
   688 | D:3      | Slain by a fire elemental

Illustrated notes

Levels and vault maps discovered:
D:1:      dpeg_arrival_renting, layout_basic, shapermc_ecumenical_altar_venn
D:2:      cheibrodos_old_hovel, layout_loops_corners, small_statue_intersection
D:3:      layout_basic, lemuel_doored_altar, mainiacjoe_overflow_alcove_1,
          mainiacjoe_overflow_paths, cheibrodos_sewer_entry_bend,
          gammafunk_ghost_abyssal_escape

Skill      XL: |  1  2  3 |
---------------+----------+-----
Armour         | 1 |  1.0
Spellcasting   | 2 |  2.0
Long Blades    | 4 |  4.0
Fighting       | |  3.5
Dodging        | |  0.8
Fire Magic     | |  3.8

Action                   || total
-------------------------++-------
Melee: Falchion          ||    14
       Long sword        ||    56
 Cast: Scorch            ||     3
  Use: Scroll            ||     1
Armor: Robe              ||    25
Dodge: Dodged            ||    31

Table legend: (Time is in decaauts)
 A = Elapsed time spent in this place.
 B = Non-inter-level travel time spent in this place.
 C = Inter-level travel time spent in this place.
 D = Time resting spent in this place.
 E = Time spent auto-exploring this place.
 F = Levels seen in this place.
 G = Mean time per level.
                   A        B        C        D        E       F      G
               +--------+--------+--------+--------+--------+-----+--------+
         Total |    700 |    697 |      3 |      0 |    167 |   3 |  233.3 |
       Dungeon |    700 |    697 |      3 |      0 |    167 |   3 |  233.3 |
               +--------+--------+--------+--------+--------+-----+--------+

Top non-repeatable levels by time:
     D:1: 575 daAuts
     D:2: 120 daAuts
     D:3: 3 daAuts
